 Dungeon Crawl Stone Soup version 0.17-a0-2127-g1cb09f6 (webtiles) character file.

6833 youngkai the Cleaver (level 10, -1/141 HPs)
             Began as a Minotaur Berserker on Oct 23, 2015.
             Was a High Priest of Trog.
             Slain by a gnoll
             ... wielding a +2 halberd of electrocution
              (8 damage)
             ... in a bailey on Oct 24, 2015.
             The game lasted 00:28:23 (7554 turns).

youngkai the Cleaver (Minotaur Berserker)           Turns: 7554, Time: 00:28:24

Health: -1/141     AC: 19    Str: 27      XL:     10   Next: 77%
Magic:  9/9        EV:  8    Int:  6      God:    Trog [*****.]
Gold:   586        SH:  0    Dex: 10 (11) Spells: 0 memorised, 9 levels left

rFire  . . .     SeeInvis +     y - +6 battleaxe (chop)
rCold  + . .     Clarity  +     K - +0 plate armour
rNeg   . . .     SustAt   .     (no shield)
rPois  .         Gourm    .     (helmet restricted)
rElec  .         Spirit   .     b - +2 cloak
rCorr  .         Warding  .     (no gloves)
rMut   .         Stasis   .     S - +0 pair of boots
MR     .....                    I - amulet of clarity
Stlth  ..........               t - ring of see invisible
                                q - ring of protection from cold

@: berserking, very quick, not resistant to hostile enchantments, extremely
unstealthy
A: retaliatory headbutt, horns 2
a: Berserk, Trog's Hand, Brothers in Arms, Burn Spellbooks, Renounce Religion


You were in a bailey.
You worshipped Trog.
Trog was extremely pleased with you.
You were not hungry.

You visited 1 branch of the dungeon, and saw 10 of its levels.
You also visited: Sewer and Bailey.

You collected 586 gold pieces.

Inventory:

Hand Weapons
 y - a +6 battleaxe of chopping (weapon)
Armour
 b - a +2 cloak (worn)
 x - a +3 chain mail of cold resistance
 K - a +0 plate armour (worn)
 S - a +0 pair of boots (worn)
Jewellery
 n - the ring of the Mage {Wiz MR++ Int+3}
   (You found it on level 10 of the Dungeon)

   [ring of wizardry]

   It improves your spell success rate.
   It affects your intelligence (+3).
   It affects your resistance to hostile enchantments.
 q - a ring of protection from cold (left hand)
 t - a ring of see invisible (right hand)
 I - an amulet of clarity (around neck)
 L - a cursed ring of loudness {unknown}
 M - an uncursed ring of positive energy {unknown}
 R - a cursed ring of loudness {unknown}
Wands
 v - a wand of random effects (31)
 C - a wand of draining (11)
 G - a wand of random effects (28)
Scrolls
 d - 9 scrolls of remove curse
 g - 2 scrolls of fear
 i - a scroll of vulnerability {unknown}
 j - 2 scrolls of enchant weapon
 o - 4 scrolls of fog
 r - a scroll of blinking
 s - 4 scrolls of recharging
 u - a scroll of enchant armour
 z - 3 scrolls of teleportation
 E - 3 scrolls of noise
 H - 2 scrolls of identify
Potions
 a - 3 potions of heal wounds
 e - 2 potions of resistance
 f - 2 potions of ambrosia
 k - a potion of cancellation
 l - 4 potions of flight
 m - a potion of mutation
 A - 5 potions of curing
 D - 2 potions of magic {unknown}
Books
 P - a book of Clouds

   Spells                             Type                      Level
   a - Mephitic Cloud                 Conjuration/Poison/Air       3
   b - Conjure Flame                  Conjuration/Fire             3
   c - Poisonous Cloud                Conjuration/Poison/Air       6
   d - Freezing Cloud                 Conjuration/Ice/Air          6
   e - Ring of Flames                 Charms/Fire                  7
   Trog disapproves of the use of such an item.
Comestibles
 c - 7 bread rations
 h - 2 beef jerkies
 p - 7 meat rations
 w - a slice of pizza
 B - a chunk of flesh


   Skills:
 + Level 10.4 Fighting
 * Level 13.9 Axes
 + Level 10.2 Armour
 - Level 2.1 Dodging


You had 9 spell levels left.
You didn't know any spells.

Dungeon Overview and Level Annotations

Branches:
Dungeon (10/15)            Temple (0/1) D:4            Lair (0/8) D:9
    Orc: D:9-12

Altars:
Ashenzari
Dithmenos
Fedhas
Gozag
Kikubaaqudgha
Makhleb
Nemelex Xobeh
Qazlal
Ru
Sif Muna
Trog
Vehumet
Yredelemnul
Zin

Shops:
D:5 =   D:9 }


Innate Abilities, Weirdness & Mutations

You reflexively headbutt those who attack you in melee.
You have a pair of horns on your head.


Message History

The weapon returns to the kobold!
The gnoll hits you but does no damage. The gnoll barely misses you.
Items here: ! ( ) [ † a short sword; a chain mail; 2 potions of berserk rage 3 tomahawks of returning; an orc corpse You hit the gnoll.
The gnoll is moderately wounded.
The kobold throws a tomahawk of returning.
The tomahawk of returning hits you but does no damage.
The weapon returns to the kobold!
You closely miss the gnoll.
The gnoll is moderately wounded.
The gnoll hits you but does no damage.
You are too berserk!
You slice the gnoll!!
You feel the power of Trog in you as your rage grows.
You kill the gnoll!
Trog accepts your kill.
The gnoll hits you from afar with a halberd of electrocution!
You die...

#'##'##+ #'##'##'##
#.# #.# #.# #.###)#
## ### ## ### #)# #.#
#. # #.# #.###(#
#'##'##' #'##'##(##
#.....# #...)(##
###.....#####...)(###
#.'..⌠.)'.#.'..⌠..'.#
#.!.(@# ###.....###
#!.K)(## ##.....##
#'##g##(###'##'##'##
#. ##('.###.###.# #
##### ### ###


You could see a gnoll and a kobold.

Vanquished Creatures
  The ghost of Skaffen the Fighter, a novice DsGl of Okawaru (D:7)
  An elephant (D:9)
  Joseph (D:8)
  Prince Ribbit (D:7)
  A two-headed ogre (D:8)
  3 wyverns
  A yak (D:9)
  A deep elf mage (D:8)
  A wraith (D:9)
  3 water moccasins
  Duvessa (D:4)
  A sky beast (D:9)
  2 orc warriors
  2 necrophages
  4 centaurs
  A black bear (D:8)
  5 ice beasts
  An ogre (D:4)
  2 crocodiles (D:9)
  4 giant frogs
  3 big kobolds
  2 scorpions (D:8)
  Dowan (D:4)
  5 wights (D:6)
  The ghost of brucemayne the Chopper, a weakling DsBe of Trog (D:3)
  A water moccasin skeleton (D:6)
  4 crimson imps
  2 jellies (D:5)
  A giant frog zombie (D:9)
  Crazy Yiuf (D:7)
  5 orc priests
  8 orc wizards
  3 hounds
  An iguana (D:8)
  6 worker ants
  A river rat (D:6)
  2 shadow imps
  15 adders
  22 gnolls
  4 oozes (Sewer)
  2 adder zombies
  3 adder skeletons
  6 worms
  11 giant geckos
  36 orcs
  10 bats
  23 hobgoblins
  3 quokkas
  A ball python (Sewer)
  8 giant cockroaches
  A giant gecko zombie (D:5)
  7 giant newts
  6 goblins
  12 jackals
  28 kobolds
  12 rats
294 creatures vanquished.

Notes
Turn   | Place    | Note
--------------------------------------------------------------
     0 | D:1      | youngkai the Minotaur Berserker began the quest for the Orb.
     0 | D:1      | Reached XP level 1. HP: 19/19 MP: 0/0
   180 | D:1      | Reached skill level 4 in Fighting
   225 | D:1      | Reached XP level 2. HP: 22/27 MP: 1/1
   814 | D:2      | Reached XP level 3. HP: 32/34 MP: 2/2
   868 | D:2      | Found an opulent altar of Gozag.
   868 | D:2      | Found a glowing silver altar of Zin.
  1008 | D:2      | Reached ** piety under Trog
  1063 | D:2      | Found a shattered altar of Ashenzari.
  1138 | D:2      | Reached XP level 4. HP: 31/41 MP: 3/3
  1481 | D:2      | Found a sacrificial altar of Ru.
  1531 | D:2      | Found a shadowy altar of Dithmenos.
  1695 | D:2      | Reached skill level 5 in Axes
  1882 | D:3      | Found a basalt altar of Yredelemnul.
  1882 | D:3      | Found a blossoming altar of Fedhas.
  1933 | D:3      | Noticed brucemayne's ghost (weakling DsBe)
  1942 | D:3      | Killed brucemayne's ghost
  2104 | D:3      | Reached XP level 5. HP: 42/47 MP: 4/4
  2427 | D:3      | Reached skill level 5 in Fighting
  2772 | D:4      | Noticed Duvessa
  2772 | D:4      | Noticed Dowan
  2778 | D:4      | Killed Dowan
  2778 | D:4      | Reached skill level 6 in Axes
  2783 | D:4      | Killed Duvessa
  2783 | D:4      | Reached XP level 6. HP: 56/56 MP: 5/5
  2825 | D:4      | Reached *** piety under Trog
  2967 | D:4      | Noticed an ogre
  2971 | D:4      | Killed an ogre
  2971 | D:4      | Reached skill level 7 in Axes
  2979 | D:4      | Found an ancient bone altar of Kikubaaqudgha.
  3028 | D:4      | Reached XP level 7. HP: 51/62 MP: 6/6
  3139 | D:4      | Found a staircase to the Ecumenical Temple.
  3299 | D:5      | Entered Level 5 of the Dungeon
  3339 | D:5      | Reached skill level 5 in Armour
  3598 | D:5      | Reached skill level 8 in Axes
  3724 | D:5      | Found Nyagro's Jewellery Shoppe.
  3981 | D:6      | Reached **** piety under Trog
  4008 | D:6      | Reached XP level 8. HP: 66/71 MP: 7/7
  4071 | D:6      | Reached skill level 9 in Axes
  4313 | D:6      | Found a glowing drain.
  4329 | Sewer    | Entered a sewer
  4882 | D:6      | Reached skill level 10 in Axes
  5240 | D:7      | Reached ***** piety under Trog
  5398 | D:7      | Reached XP level 9. HP: 75/81 MP: 8/8
  5400 | D:7      | Received a gift from Trog
  5456 | D:7      | Noticed Prince Ribbit
  5457 | D:7      | Noticed Skaffen's ghost (novice DsGl)
  5471 | D:7      | Killed Skaffen's ghost
  5471 | D:7      | Reached skill level 11 in Axes
  5478 | D:7      | Killed Prince Ribbit
  5521 | D:7      | Noticed Crazy Yiuf
  5528 | D:7      | Killed Crazy Yiuf
  5717 | D:7      | Found a bloodstained altar of Trog.
  5717 | D:7      | Found a stormy altar of Qazlal.
  5823 | D:8      | Noticed Joseph
  5846 | D:8      | Killed Joseph
  5846 | D:8      | Reached skill level 12 in Axes
  5936 | D:8      | Reached XP level 10. HP: 35/91 MP: 3/9
  5952 | D:8      | Found a deep blue altar of Sif Muna.
  6490 | D:8      | Found a radiant altar of Vehumet.
  6491 | D:8      | Found a burning altar of Makhleb.
  6566 | D:9      | Found a sparkling altar of Nemelex Xobeh.
  6581 | D:9      | Found a staircase to the Lair.
  6582 | D:9      | Noticed an elephant
  6588 | D:9      | Reached skill level 13 in Axes
  6589 | D:9      | Killed an elephant
  6591 | D:9      | Reached skill level 10 in Fighting
  7011 | D:9      | Received a gift from Trog
  7015 | D:9      | Reached skill level 10 in Armour
  7238 | D:9      | Found Hoedexan's Gadget Shoppe.
  7284 | D:10     | Entered Level 10 of the Dungeon
  7417 | D:10     | Found a flagged portal.
  7438 | Bailey   | Entered a bailey
  7550 | Bailey   | HP: 6/141 [gnoll/halberd of electrocution (3)]
  7554 | Bailey   | Slain by a gnoll

Vault maps used:
D:1:      dpeg_arrival_refuge
D:2:      grunt_temple_overflow_gold_and_silver, nicolae_ashenzari_panopticon,
          grunt_dithmenos_smoke, serial_forest, infiniplex_forest_clump_large,
          infiniplex_forest_lined_3_way, infiniplex_forest_straight_2,
          infiniplex_forest_end_2, infiniplex_forest_lined_1,
          infiniplex_forest_zigzag_1, nicolae_ru_great_annihilating_truth
D:3:      gammafunk_temple_overflow_wave, hangedman_decor_push
D:4:      lemuel_doored_altar, temple_fountains, first_bread, amalloy_card_club,
          uniq_duvessa
D:5:      serial_shops, shop, serial_bayou_pond_b
D:6:      portal_sewer_entry_c, nrook_mini_backslash
D:7:      amethyst_overflow_temple_binary, uniq_prince_ribbit1,
          uniq_crazy_yiuf_cottage
D:8:      grunt_temple_overflow_lords_of_destruction,
          nicolae_overflow_crystal_walls, uniq_joseph
D:9:      nemelex_deck, david_lair_generic, serial_shops, shop_statue
D:10:     basic_altar, enter_bailey_2, hangedman_stone_soup
Sewer:    sewer_fruit_machine
Bailey:   bailey_axe_2, bailey

Action                   |  1- 3 |  4- 6 |  7- 9 | 10-12 || total
-------------------------+-------+-------+-------+-------++-------
Melee: Hand axe          |    68 |    91 |       |       ||   159
       War axe           |       |    27 |     9 |       ||    36
       Battleaxe         |       |       |   210 |    44 ||   254
       Broad axe         |       |       |    62 |   125 ||   187
Invok: Berserk           |       |     2 |     1 |     2 ||     5
       Trog's Hand       |       |       |     1 |       ||     1
  Use: Scroll            |       |       |     9 |    14 ||    23
       Potion            |       |       |     1 |     5 ||     6
 Stab: Paralysed         |       |     4 |       |       ||     4
  Eat: Chunk             |       |     9 |     7 |     4 ||    20
       Bread ration      |       |       |     1 |     1 ||     2
